 Dungeon Crawl Stone Soup version 0.28-a0-861-ge64d6db94f (webtiles) character file.

Game seed: 3096801814518516937

227 avis the Grave Robber (level 5, -13/42 HPs)
             Began as a Deep Dwarf Necromancer on Nov 16, 2021.
             Was an Initiate of Makhleb.
             Mangled by Menkaure (15 damage)
             ... on level 5 of the Dungeon.
             The game lasted 00:28:57 (5311 turns).

avis the Grave Robber (Deep Dwarf Necromancer)      Turns: 5311, Time: 00:28:58

Health: -13/42     AC: 12    Str: 13    XL:     5   Next: 70%
Magic:  1/9        EV: 11    Int: 15    God:    Makhleb [......]
Gold:   227        SH:  0    Dex: 13    Spells: 6/10 levels left

rFire   . . .      SeeInvis .   a - +0 whip (freeze)
rCold   + . .      Faith    .   (no shield)
rNeg    . . .      Spirit   .   A - +3 ring mail
rPois   .          Reflect  .   (no helmet)
rElec   .          Harm     .   o - +2 cloak
rCorr   .          Rampage  .   h - +0 pair of gloves
Will    .....                   (no boots)
Stlth   +.........              (no amulet)
HPRegen 0.00/turn               l - ring of protection from cold
MPRegen 0.11/turn               (no ring)

@: very slightly contaminated
A: damage resistance, heal wounds, sense surroundings 1, no regeneration
a: Heal Wounds, Renounce Religion


You were on level 5 of the Dungeon.
You worshipped Makhleb.
Makhleb was noncommittal.
You visited 2 branches of the dungeon, and saw 6 of its levels.

You collected 227 gold pieces.

Inventory:

Hand Weapons
 a - a +0 whip of freezing (weapon)
 b - a +0 trident of venom
 w - a +0 hunting sling
Missiles
 e - 33 sling bullets
 B - 18 poisoned darts
 M - 118 stones
Armour
 h - a +0 pair of gloves (worn)
 o - a +2 cloak (worn)
 x - a +0 buckler
 A - a +3 ring mail (worn)
Jewellery
 l - a ring of protection from cold (left hand)
Scrolls
 c - a scroll of teleportation {unknown}
 f - a scroll of amnesia {unknown}
 g - a scroll of blinking {unknown}
 j - a scroll of holy word {unknown}
 z - a scroll of magic mapping {unknown}
 G - a scroll of summoning {unknown}
 H - a scroll of noise {unknown}
Potions
 d - 3 potions of curing
 i - a potion of attraction {unknown}
 p - a potion of heal wounds {unknown}
 D - 2 potions of haste
 E - a potion of lignification {unknown}
 F - a potion of brilliance {unknown}
 J - a potion of cancellation {unknown}
 K - a potion of resistance {unknown}
 L - a potion of degeneration {unknown}


   Skills:
 - Level 2.1 Dodging
 - Level 2.4 Stealth
 * Level 3.0 Spellcasting
 - Level 7.0 Necromancy
 + Level 0.0 Invocations


You had 6 spell levels left.
You knew the following spells:

 Your Spells              Type           Power      Damage    Failure   Level
a - Pain                  Necr           92%        1d8       2%          1
d - Vampiric Draining     Necr           23%        2d7       8%          3

Your spell library contained the following spells:

 Spells                   Type           Power      Damage    Failure   Level
 Animate Skeleton         Necr           46%        N/A       2%          1
 Animate Dead             Necr           11%        N/A       24%         4
 Apportation              Tloc           4%         N/A       41%         1
 Magic Dart               Conj           8%         1d3       41%         1
 Agony                    Necr           23%        N/A       56%         5
 Alistair's Intoxication  Tmut/Pois      1%         N/A       100%        5


Dungeon Overview and Level Annotations

Branches:
Dungeon (5/15)             Temple (1/1) D:4

Altars:
Ashenzari
Cheibriados
Dithmenos
Elyvilon
Gozag
Kikubaaqudgha
Makhleb
Nemelex Xobeh
Okawaru
Qazlal
Ru
Sif Muna
Trog
Vehumet
Wu Jian
Yredelemnul
Zin
The Shining One

Shops:
D:1 *   D:4 *

Portals:
Abyss: D:3

Annotations:
D:3 2 transporters, Randoe's ghost, amateur DsNe
D:5 Menkaure


Innate Abilities, Weirdness & Mutations

You are resistant to damage.
You can heal yourself by infusing magical energy.
You passively map a small area around you.
You do not regenerate.


Message History

Aim: a jackal (lightly wounded)
You draw life force from the jackal!
You kill the jackal!
Makhleb accepts your kill.
You feel life coursing into your body. The jackal barely misses you.
You closely miss Menkaure.
Menkaure is lightly damaged.
The jackal misses you.
The jackal bites you but does no damage.
Menkaure rustles a few words.
Menkaure barely misses you.
The jackal bites you but does no damage.
The jackal closely misses you.
You barely miss Menkaure.
Menkaure is lightly damaged.
The jackal closely misses you. Menkaure closely misses you.
The jackal bites you but does no damage.
You hit Menkaure. You freeze Menkaure.
Menkaure is moderately damaged.
The jackal barely misses you. The jackal bites you. Menkaure hits you!
* * * LOW HITPOINT WARNING * * *
The jackal closely misses you.
The jackal bites you but does no damage.
You barely miss Menkaure.
Menkaure is moderately damaged.
The jackal bites you but does no damage.
The jackal misses you. Menkaure hits you but does no damage.
Unknown command.
You hit Menkaure.
Menkaure is moderately damaged.
The jackal closely misses you. x3
The jackal bites you but does no damage.
Menkaure gestures wildly while chanting.
Menkaure seems to speed up.
You hit Menkaure. You freeze Menkaure.
Menkaure is heavily damaged.
The jackal closely misses you.
The jackal bites you but does no damage.
Menkaure hits you!
You die...

* ♣♣#### ,
♣♣@#..##
**♣hMh...#
♣.......#
♣.♣..#...#
*
♣♣♣♣♣##.##
*.# .# .#
.#


You could see Menkaure (fast) and 2 jackals.

Vanquished Creatures
  A hound (D:4)
  2 jellies (D:4)
  2 adders (D:3)
  3 ufetubi (D:4)
  An adder skeleton (D:4)
  4 worms
  3 dart slugs
  An orc (D:4)
  10 endoplasms
  5 giant cockroaches
  7 goblins
  6 hobgoblins
  8 jackals
  3 quokkas
  7 ball pythons
  4 bats
  4 frilled lizards
  5 kobolds
  5 rats
81 creatures vanquished.

Notes
Turn   | Place    | Note
-------+----------+-------------------------------------------
     0 | D:1      | avis the Deep Dwarf Necromancer began the quest for the
                  | Orb.
     0 | D:1      | Reached XP level 1. HP: 15/15 MP: 3/3
   243 | D:1      | Reached XP level 2. HP: 22/22 MP: 2/4
   301 | D:1      | Found a faded altar of an unknown god.
   315 | D:1      | Reached skill level 5 in Necromancy
   317 | D:1      | Got Plato's Almanac of Conjuration
   424 | D:1      | Found Qistref's Assorted Antiques.
  1056 | D:2      | You fall into a shaft and drop 2 floors!
  1143 | D:4      | Reached XP level 3. HP: 28/28 MP: 2/6
  1439 | D:4      | Learned a level 3 spell: Vampiric Draining
  1995 | D:2      | Reached skill level 6 in Necromancy
  2307 | D:2      | Reached XP level 4. HP: 36/36 MP: 3/7
  2792 | D:3      | Noticed a small abomination
  2959 | D:3      | Found a transporter.
  2964 | D:3      | Found a transporter.
  3279 | D:3      | Found a one-way gate to the infinite horrors of the Abyss.
  3279 | D:3      | Noticed a kobold brigand
  3279 | D:3      | Noticed Randoe's ghost (amateur DsNe)
  4392 | D:4      | Reached XP level 5. HP: 42/42 MP: 6/9
  4463 | D:4      | Found a staircase to the Ecumenical Temple.
  4477 | D:4      | Found Pem Zuax's Elemental Accessories.
  4555 | D:4      | Reached skill level 7 in Necromancy
  4879 | Temple   | Entered the Ecumenical Temple
  5094 | Temple   | Became a worshipper of Makhleb the Destroyer
  5213 | D:5      | Entered Level 5 of the Dungeon
  5213 | D:5      | Noticed a steam dragon
  5298 | D:5      | Noticed Menkaure
  5308 | D:5      | HP: 2/42 [Menkaure (9)]
  5311 | D:5      | Mangled by Menkaure

Illustrated notes

Levels and vault maps discovered:
D:1:      amcnicky_arrival_blooded_trapdoor, layout_basic, serial_shops, shop,
          shapermc_ecumenical_altar_rom_forum
D:2:      layout_basic, serial_glass, glass_columns_b, glass_columns_a,
          glass_columns_b, glass_columns_a, minmay_hexomino_c4
D:3:      layout_basic, gammafunk_ghost_abyssal_escape
D:4:      nicolae_cairo_tiling_large_dashed, layout_gridville,
          minmay_temple_entry_antechambers, small_statue_intersection,
          nicolae_elemental_shop, minmay_circle_x
D:5:      layout_loops_ring, nicolae_overflow_hidden_temple, uniq_duvessa,
          uniq_crazy_yiuf_cottage, uniq_menkaure
Temple:   dpeg_five_rooms_temple

Skill      XL: |  1  2  3  4  5 |
---------------+----------------+-----
Necromancy     | 5 6 7 |  7.0
Spellcasting   | 2 3 |  3.0
Dodging        | |  2.1
Stealth        | |  2.4

Action                   |  1- 3 |  4- 6 || total
-------------------------+-------+-------++-------
Melee: Unarmed           |     3 |       ||     3
       Dagger            |     1 |       ||     1
       Trident           |    46 |    73 ||   119
       Whip              |       |     8 ||     8
 Cast: Pain              |    50 |    46 ||    96
       Vampiric Draining |     9 |     6 ||    15
  Use: Scroll            |       |     3 ||     3
 Stab: Sleeping          |       |     1 ||     1
Armor: Robe              |    41 |       ||    41
       Leather armour    |       |    10 ||    10
       Ring mail         |       |    46 ||    46
Dodge: Dodged            |    66 |    88 ||   154

Table legend: (Time is in decaauts)
 A = Elapsed time spent in this place.
 B = Non-inter-level travel time spent in this place.
 C = Inter-level travel time spent in this place.
 D = Time resting spent in this place.
 E = Time spent auto-exploring this place.
 F = Levels seen in this place.
 G = Mean time per level.
                   A        B        C        D        E       F      G
               +--------+--------+--------+--------+--------+-----+--------+
         Total |   5356 |   4755 |    601 |   1395 |   2231 |   6 |  892.7 |
       Dungeon |   5072 |   4525 |    547 |   1395 |   2030 |   5 | 1014.4 |
        Temple |    283 |    229 |     54 |      0 |    201 |   1 |  283.0 |
               +--------+--------+--------+--------+--------+-----+--------+

Top non-repeatable levels by time:
     D:4: 1590 daAuts
     D:3: 1390 daAuts
     D:2: 1109 daAuts
     D:1: 961 daAuts
  Temple: 283 daAuts
     D:5: 21 daAuts
